 Dungeon Crawl Stone Soup version 0.16-a0-110-ge8ded92 (webtiles) character file.

139 Ratboiler the Skirmisher (level 5, -3/47 HPs)
             Began as a Minotaur Fighter on Aug 10, 2014.
             Slain by an ogre
             ... wielding a +0 giant club
              (22 damage)
             ... on Level 4 of the Dungeon.
             The game lasted 00:05:10 (2232 turns).

Ratboiler the Skirmisher (Minotaur Fighter)         Turns: 2232, Time: 00:05:10

HP  -3/47        AC  7     Str 20      XL: 5   Next:  1%
MP   2/2         EV  6     Int  5      God:
Gold 120         SH  9     Dex 11      Spells:  0 memorised,  4 levels left

rFire  . . .     SeeInvis .     a - +0 flail
rCold  . . .     Clarity  .     w - +0 scale mail
rNeg   . . .     rCorr    +     c - +0 shield
rPois  .         rRot     .     (helmet restricted)
rElec  .         Spirit   .     (no cloak)
SustAb .         Warding  .     (no gloves)
rMut   .         Stasis   .     (no boots)
Gourm  .                        r - amulet of resist corrosion
MR     .....                    (no ring)
                                (no ring)

@: lethally poisoned, not resistant to hostile enchantments, extremely
unstealthy
A: retaliatory headbutt, horns 2
a: no special abilities


You were on level 4 of the Dungeon.
You were not hungry.

You visited 1 branch of the dungeon, and saw 4 of its levels.

You collected 120 gold pieces.

Inventory:

Hand weapons
 a - a +0 flail (weapon)
 b - a +0 blowgun
Missiles
 l - 8 javelins (quivered)
 s - 31 poisoned needles
Armour
 c - a +0 shield (worn)
 w - a +0 scale mail (worn)
 y - a +1 leather armour of fire resistance
Magical devices
 x - a wand of digging (4)
Comestibles
 d - 3 bread rations
 g - a meat ration
 z - a chunk of bat flesh
 A - 2 chunks of jackal flesh
Scrolls
 h - 2 scrolls of blinking {unknown}
 j - 2 scrolls of enchant weapon {unknown}
 k - 2 scrolls of identify {unknown}
 m - a scroll of enchant armour {unknown}
 n - a scroll of fog {unknown}
 o - a scroll of teleportation {unknown}
 q - 2 scrolls of immolation {unknown}
 t - 2 scrolls of fear {unknown}
Jewellery
 p - an uncursed ring of poison resistance {unknown}
 r - an amulet of resist corrosion (around neck)
 u - an uncursed amulet of stasis {unknown}
Potions
 e - a potion of might
 f - a potion of restore abilities {unknown}
 i - a potion of curing {unknown}
 v - 2 potions of berserk rage {unknown}


   Skills:
 + Level 4.5 Fighting
 * Level 4.3 Maces & Flails
 + Level 4.2 Armour
 + Level 1.2 Dodging
 + Level 4.3 Shields


You had 4 spell levels left.
You didn't know any spells.

Dungeon Overview and Level Annotations

Branches:
Dungeon (4/15)
 Temple: D:4-7

Altars:
Elyvilon


Innate Abilities, Weirdness & Mutations

You reflexively headbutt those who attack you in melee.
You have a pair of horns on your head.


Message History

You see here a jackal skeleton.
Unknown command.
There is a stone staircase leading down here.
You start resting.
HP restored.
You climb downwards.
The jackal bites you but does no damage. x2
The scorpion stings you.
You are poisoned.
The scorpion poisons you! The ogre hits you with a giant club!!
The jackal barely misses you. You block the jackal's attack.
The scorpion stings you.
* * * LOW HITPOINT WARNING * * *
There is a stone staircase leading up here.
You barely miss the ogre.
You feel sick. The jackal closely misses you. The jackal closely misses you.
You furiously retaliate!
You headbutt the jackal!
You kill the jackal!
The ogre hits you with a giant club!!
You die...

... #.. [....# .#
#### ......##.###
......(.......
...............#
...............#
...............#
.......h%.......#.
......Fs@<........
#########O........
#.......#
#########


You could see an ogre, a giant frog, a scorpion and a jackal.

Vanquished Creatures
  Ijyb (D:3)
  5 adders
  3 worms (D:2)
  A giant gecko (D:2)
  2 oozes
  5 orcs (D:3)
  3 bats
  2 giant cockroaches (D:1)
  6 goblins
  4 hobgoblins
  10 jackals
  2 ball pythons
  3 giant newts
  A kobold (D:3)
  4 rats
52 creatures vanquished.

Vanquished Creatures (others)
  A goblin (D:1)
1 creature vanquished.

Grand Total: 53 creatures vanquished

Notes
Turn   | Place    | Note
--------------------------------------------------------------
     0 | D:1      | Ratboiler, the Minotaur Fighter, began the quest for the Orb.
     0 | D:1      | Reached XP level 1. HP: 19/19 MP: 1/1
   337 | D:1      | Reached XP level 2. HP: 22/27 MP: 1/1
   593 | D:2      | Reached skill level 4 in Fighting
   649 | D:2      | Reached XP level 3. HP: 26/33 MP: 2/2
   807 | D:2      | Found a white marble altar of Elyvilon.
   835 | D:2      | Reached skill level 1 in Dodging
   835 | D:2      | Reached XP level 4. HP: 31/40 MP: 2/2
  1929 | D:3      | Noticed Ijyb
  1937 | D:3      | Killed Ijyb
  2160 | D:4      | Noticed an ogre
  2191 | D:4      | Noticed an ogre
  2193 | D:4      | Noticed a giant frog
  2202 | D:3      | Reached XP level 5. HP: 42/47 MP: 2/2
  2232 | D:4      | Slain by an ogre

Action                   |  1- 3 |  4- 6 || total
-------------------------+-------+-------++-------
Melee: Flail             |    84 |    72 ||   156
  Eat: Chunk             |       |     4 ||     4
